 Dungeon Crawl Stone Soup version 0.29-a0-1027-gcd8c55af63 (webtiles) character file.

Game seed: 10412472704828422014

1227 Sobieck the Purveyor of Pain (level 8, -1/52 HPs)
             Began as a Mummy Necromancer on Aug 12, 2022.
             Was an Initiate of Kikubaaqudgha.
             Killed by divine providence
             ... invoked by an orc priest
              (14 damage)
             ... on level 5 of the Dungeon.
             The game lasted 00:11:57 (5327 turns).

Sobieck the Purveyor of Pain (Mummy Necromancer)    Turns: 5327, Time: 00:11:57

Health: -1/52      AC:  5    Str: 12    XL:     8   Next: 23%
Magic:  10/18      EV: 12    Int: 16    God:    Kikubaaqudgha [......]
Gold:   228        SH:  0    Dex: 12    Spells: 13/21 levels left

rFire   x . .      SeeInvis .   b - +0 sling
rCold   + . .      Faith    .   (no shield)
rNeg    + + +      Spirit   .   d - +0 robe
rPois   ∞          Reflect  .   o - +1 helmet
rElec   .          Harm     .   (no cloak)
rCorr   .          Rampage  .   (no gloves)
Will    +....                   f - +0 pair of boots
Stlth   ++........              (no amulet)
HPRegen 0.17/turn               (no ring)
MPRegen 0.16/turn               (no ring)

@: no status effects
A: cold resistance 1, negative energy resistance 3, torment resistance 2, heat
vulnerability 1, in touch with death 1, no potions
a: Renounce Religion


You were on level 5 of the Dungeon.
You worshipped Kikubaaqudgha.
Kikubaaqudgha was noncommittal.
You visited 2 branches of the dungeon, and saw 6 of its levels.

You collected 228 gold pieces.


Innate Abilities, Weirdness & Mutations

You are immune to poison.
Your flesh is cold resistant. (rC+)
You are immune to negative energy. (rN+++)
You are immune to unholy pain and torment.
You are vulnerable to heat. (rF-)
You are in touch with the powers of death.
You do not drink.


   Skills:
 - Level 1.5 Dodging
 - Level 1.5 Stealth
 + Level 7.3 Spellcasting
 * Level 9.1 Necromancy


You had 13 spell levels left.
You knew the following spells:

 Your Spells              Type           Power      Damage    Failure   Level
a - Necrotise             Necr           100%       1d9       1%          1
b - Animate Dead          Necr           51%        N/A       2%          4
c - Vampiric Draining     Necr           51%        2d9       1%          3

Your spell library contained the following spells:

 Spells                   Type           Power      Damage    Failure   Level
 Agony                    Necr           51%        N/A       8%          5
 Sandblast                Erth           10%        2d5       12%         1
 Shock                    Conj/Air       20%        1d4       12%         1
 Passwall                 Tmut/Erth      4%         N/A       19%         2
 Ignite Poison            Fire/Tmut/Pois 5%         N/A       36%         3
 Mephitic Cloud           Conj/Pois/Air  5%         N/A       36%         3
 Stone Arrow              Conj/Erth      10%        3d7       36%         3
 Swiftness                Air            5%         N/A       36%         3
 Airstrike                Air            2%         2d(1-17)  77%         4
 Freezing Cloud           Conj/Ice/Air   2%         6-21      98%         5

Inventory:

Hand Weapons
 a - a +0 whip of electrocution {mace}
   (You found it on level 4 of the Dungeon)
 b - a +0 sling (weapon)
   (You found it on level 1 of the Dungeon)
 c - a +0 dagger {short}
   (You took it off a kobold on level 1 of the Dungeon)
 l - a +0 short sword {short}
   (You took it off a kobold on level 1 of the Dungeon)
 x - a +0 dagger of freezing {short}
   (You took it off a kobold on level 1 of the Dungeon)
 z - a +0 whip of flaming {mace}
   (You took it off Pikel on level 4 of the Dungeon)
Missiles
 g - 58 stones {throwing}
 t - 5 poisoned darts {throwing}
Armour
 d - a +0 robe (worn)
 f - a +0 pair of boots (worn)
   (You found it on level 4 of the Dungeon)
 k - a +0 robe
   (You found it on level 1 of the Dungeon)
 n - a +0 ring mail
   (You took it off a hobgoblin on level 2 of the Dungeon)
 o - a +1 helmet (worn)
   (You found it on level 2 of the Dungeon)
 p - a +0 ring mail
   (You found it on level 2 of the Dungeon)
 v - a +0 robe
   (You found it on level 3 of the Dungeon)
 y - a +0 chain mail
   (You took it off an orc on level 4 of the Dungeon)
 A - a +0 robe
   (You took it off Pikel on level 4 of the Dungeon)
 B - a +0 robe
   (You took it off an orc wizard on level 5 of the Dungeon)
 C - a +0 leather armour
   (You took it off an orc on level 5 of the Dungeon)
 D - a +0 ring mail
   (You took it off an orc priest on level 5 of the Dungeon)
 E - a +0 leather armour
   (You took it off an orc on level 5 of the Dungeon)
 F - a +0 robe
   (You took it off an orc wizard on level 5 of the Dungeon)
 G - a +0 leather armour
   (You took it off an orc on level 5 of the Dungeon)
 H - a +0 robe
   (You took it off an orc wizard on level 5 of the Dungeon)
 I - a +0 leather armour
   (You took it off an orc on level 5 of the Dungeon)
Magical Staves
 s - a staff of cold {!astaff}
   (You found it on level 2 of the Dungeon)
Jewellery
 i - a ring of ice
   (You found it on level 1 of the Dungeon)
Wands
 w - a wand of flame (4)
   (You found it on level 4 of the Dungeon)
Scrolls
 e - a scroll of butterflies
 h - 7 scrolls of teleportation {@r4}
 j - a scroll of vulnerability {!r!r}
 m - 3 scrolls of enchant armour
 q - 4 scrolls of noise {!r}
 r - a scroll of blinking {!r}
 u - a scroll of torment {unknown}

Dungeon Overview and Level Annotations

Branches:
Dungeon (5/15) Zot: 24823  Temple (1/1) D:4 Zot: 5782

Altars:
Ashenzari
Dithmenos
Fedhas
Gozag
Hepliaklqana
Kikubaaqudgha
Okawaru
Ru
Trog
Wu Jian
Xom

Shops:
D:1 (   D:3 (

Annotations:
D:4 1 runed translucent door, Crazy Yiuf
Temple 2 transporters

............#
##...........
...........##
#..........♣.
...........#
##............
..........##
#...........♣.
.........##
##............
.........#
#............
.......<##
#............
....#####
##............
#..##
#....@.......
...
#..).......!. ..
#...lo.....#. .
........)Z.....#
........{hoZ..##
♣.♣.♣.♣...oo###
...........?...
...............)
............###


You could see an iguana, a hound, 2 orc priests, 2 orcs, a friendly orc zombie
and a friendly orc wizard skeleton.


Message History

The orc wizard flickers and vanishes!
Deactivating autopickup; reactivate with Ctrl-A.
Your orc zombie barely misses something.
The iguana bites you but does no damage.
A hound comes into view.
Casting: Necrotise (safe; 1% risk of failure)
Confirm with . or Enter, or press ? or * to list all spells.
Aiming: Necrotise (safe; 1% risk of failure)
Press: ? - help, Shift-Dir - straight line, f/p - orc
Aim: an orc, wielding a +0 club and wearing a +0 ring mail (moderately wounded, ally target, chance to affect: 93%)
You feel a surge of power!
Something writhes in agony.
Your orc priest zombie hits the orc.
The iguana misses you.
Your orc zombie hits the orc but does no damage.
Casting: Necrotise (safe; 1% risk of failure)
Confirm with . or Enter, or press ? or * to list all spells.
Aiming: Necrotise (safe; 1% risk of failure)
Press: ? - help, Shift-Dir - straight line, f/p - orc
Aim: an orc, wielding a +0 club and wearing a +0 ring mail (moderately wounded, ally target, chance to affect: 93%)
You feel a surge of power!
Something writhes in agony.
The orc priest calls upon Beogh to heal the orc.
The orc's wounds heal themselves!
Something hits you.
The orc wizard mumbles some strange words.
The orc wizard flickers and vanishes!
The iguana closely misses you.
Casting: Necrotise (safe; 1% risk of failure)
Confirm with . or Enter, or press ? or * to list all spells.
Aiming: Necrotise (safe; 1% risk of failure)
Press: ? - help, Shift-Dir - straight line, f/p - orc
Aim: an orc, wielding a +0 club and wearing a +0 ring mail (ally target, chance to affect: 93%)
You feel a surge of power!
Something writhes in agony.
Kikubaaqudgha accepts your kill.
Reactivating autopickup.
You feel a bit more experienced.
The orc priest mumbles some strange prayers to Beogh against you.
Beogh smites you!
The orc priest hits your orc priest zombie with a +0 whip.
Your orc zombie hits the orc but does no damage.
The iguana bites you!
Your orc priest zombie hits the orc but does no damage.
You hear a shout!
Casting: Necrotise (safe; 1% risk of failure)
Confirm with . or Enter, or press ? or * to list all spells.
Aiming: Necrotise (safe; 1% risk of failure)
Press: ? - help, Shift-Dir - straight line, f/p - orc
Aim: an orc, wielding a +0 club and wearing a +0 ring mail (ally target, chance to affect: 93%)
You feel a surge of power!
The orc writhes in agony!
You kill the orc!
Kikubaaqudgha accepts your kill.
The dead are walking!
You hear a shout!
The orc hits your orc wizard skeleton with a +0 hand axe.
The orc priest hits your orc priest zombie with a +0 whip.
The iguana bites you but does no damage.
Your orc priest zombie hits the orc priest.
Casting: Necrotise (safe; 1% risk of failure)
Confirm with . or Enter, or press ? or * to list all spells.
Aiming: Necrotise (safe; 1% risk of failure)
Press: ? - help, Shift-Dir - straight line, f - iguana
Aim: an iguana (ally target, chance to affect: 88%)
You feel a surge of power!
The iguana writhes in agony.
The orc barely misses your orc wizard skeleton.
The orc priest hits your orc priest zombie with a +0 whip.
The iguana bites you!
* * * LOW HITPOINT WARNING * * *
Casting: Necrotise (safe; 1% risk of failure)
Confirm with . or Enter, or press ? or * to list all spells.
Okay, then.
The hound bites your orc priest zombie.
The orc priest hits your orc skeleton with a +0 dagger.
Something hits your orc wizard skeleton.
The orc priest hits your orc priest zombie with a +0 whip.
Your orc priest zombie hits the orc priest.
Your orc skeleton barely misses the iguana.
Your orc wizard skeleton hits the orc priest.
The iguana bites your orc skeleton!
Your orc skeleton is destroyed!
Your orc zombie barely misses the orc.
The hound barely misses your orc priest zombie.
Unknown command.
The orc closely misses your orc zombie.
The orc hits your orc wizard skeleton with a +0 hand axe.
The orc hits your orc zombie with a +0 hand axe.
The orc hits your orc priest zombie with a +0 hand axe.
A magic dart appears from out of thin air!
Deactivating autopickup; reactivate with Ctrl-A.
The magic dart hits you!
* * * LOW HITPOINT WARNING * * *
The orc priest hits your orc priest zombie with a +0 whip.
Your orc priest zombie is destroyed!
Your orc wizard skeleton hits the orc but does no damage.
Casting: Necrotise (safe; 1% risk of failure)
Confirm with . or Enter, or press ? or * to list all spells.
Aiming: Necrotise (safe; 1% risk of failure)
Press: ? - help, Shift-Dir - straight line, f/p - iguana
Aim: an iguana (moderately wounded, chance to affect: 88%)
You feel a surge of power!
The iguana writhes in agony.
The hound bites your orc wizard skeleton.
The orc priest invokes the aid of Beogh against you.
Beogh smites you!
You die...
Kikubaaqudgha rasps: "You have failed me!
Welcome... oblivion!"

Skill      XL: |  1  2  3  4  5  6  7  8 |
---------------+-------------------------+-----
Spellcasting   | 3 4 6 7 |  7.3
Necromancy     | 5 6 8 9 |  9.1
Dodging        | |  1.5
Stealth        | |  1.5

Action                   |  1- 3 |  4- 6 |  7- 9 || total
-------------------------+-------+-------+-------++-------
Melee: Dagger            |     9 |       |       ||     9
       Whip              |       |     2 |    51 ||    53
       Punch             |       |       |     2 ||     2
 Fire: Sling             |    45 |    92 |    26 ||   163
 Cast: Necrotise         |    34 |    39 |    54 ||   127
       Animate Dead      |       |       |     5 ||     5
       Vampiric Draining |       |       |     2 ||     2
  Use: Scroll            |       |       |     7 ||     7
Armor: Robe              |     4 |    12 |    27 ||    43
Dodge: Dodged            |    14 |    36 |    60 ||   110

Levels and vault maps discovered:
D:1:      shiori_arrival_maze, layout_rooms, serial_shops, nicolae_shop_crystal
D:2:      minmay_wonky_spiral, layout_loops_corners, uniq_natasha
D:3:      layout_loops_ring, fedhas_altar_3, serial_shops, shop,
          shapermc_ecumenical_altar_acropolis
D:4:      layout_loops_ring, tso_oasis_becter, nzn_wu_jian_council_hall,
          minmay_temple_entry_antechambers, portal_sewer_entry_e,
          uniq_crazy_yiuf_cottage, uniq_pikel
D:5:      layout_cave_pods, mainiacjoe_overflow_small_starburst, serial_park,
          serial_park_fountain, serial_park_avenue1, serial_park_gazebo
          [serial_park_minivault_5x5_3], serial_park_tiny_2
Temple:   hellmonk_temple_divided_pantheon

Notes
Turn   | Place    | Note
-------+----------+-------------------------------------------
     0 | D:1      | Sobieck the Mummy Necromancer began the quest for the Orb.
     0 | D:1      | Reached XP level 1. HP: 13/13 MP: 4/4
   124 | D:1      | Reached skill level 3 in Spellcasting
   125 | D:1      | Reached XP level 2. HP: 19/19 MP: 1/6
   351 | D:1      | You add the spells Ignite Poison, Mephitic Cloud and
                  | Freezing Cloud to your library.
   825 | D:1      | Found Kokitatu's Weapon Boutique.
   836 | D:1      | You pick up a book of Air and begin reading...
   836 | D:1      | You add the spells Shock, Swiftness and Airstrike to your
                  | library.
   994 | D:2      | Gained mutation: You are in touch with the powers of death.
                  | [Mummy growth]
   994 | D:2      | Reached XP level 3. HP: 24/24 MP: 7/7
  1261 | D:2      | Reached skill level 5 in Necromancy
  1310 | D:2      | Noticed Natasha
  1315 | D:2      | Killed Natasha
  1316 | D:2      | Reached XP level 4. HP: 25/30 MP: 3/9
  1924 | D:2      | Reached skill level 4 in Spellcasting
  2096 | D:2      | Noticed Natasha
  2103 | D:2      | Killed Natasha
  2319 | D:3      | Reached XP level 5. HP: 35/35 MP: 9/11
  2512 | D:3      | Learned a level 4 spell: Animate Dead
  2572 | D:3      | Found a blossoming altar of Fedhas.
  2664 | D:3      | Found Mestromuq's Antique Weapon Shoppe.
  2720 | D:3      | Reached skill level 6 in Necromancy
  2743 | D:3      | Found a faded altar of an unknown god.
  3362 | D:4      | Noticed an ogre
  3368 | D:4      | Killed an ogre
  3369 | D:4      | Reached XP level 6. HP: 41/41 MP: 5/13
  3458 | D:4      | Noticed Pikel
  3477 | D:4      | Killed Pikel
  3478 | D:4      | Reached skill level 6 in Spellcasting
  3478 | D:4      | Reached skill level 8 in Necromancy
  3478 | D:4      | Reached XP level 7. HP: 25/46 MP: 6/16
  3660 | D:4      | Found a staircase to the Ecumenical Temple.
  3692 | Temple   | Entered the Ecumenical Temple
  3692 | Temple   | Found a transporter.
  3692 | Temple   | Found a transporter.
  3880 | Temple   | Found a transporter.
  3880 | Temple   | Found a transporter.
  3891 | Temple   | Became a worshipper of Kikubaaqudgha
  3969 | D:4      | Found an ornate altar of the Wu Jian Council.
  4531 | D:4      | Found a runed translucent door.
  4532 | D:4      | Noticed Crazy Yiuf
  4664 | D:5      | Entered Level 5 of the Dungeon
  4678 | D:5      | You pick up a book of Geomancy and begin reading...
  4678 | D:5      | You add the spells Sandblast, Passwall and Stone Arrow to
                  | your library.
  4884 | D:5      | Reached XP level 8. HP: 22/52 MP: 11/18
  4906 | D:5      | Reached skill level 7 in Spellcasting
  4910 | D:5      | Learned a level 3 spell: Vampiric Draining
  4997 | D:5      | Reached skill level 9 in Necromancy
  5002 | D:5      | HP: 10/52 [orc/+0 flail (6)]
  5326 | D:5      | HP: 13/52 [something/magic dart (11)]
  5327 | D:5      | Killed from afar by an orc priest

Vanquished Creatures
  Pikel (D:4)
  An ice beast (D:5)
  3 ogres
  A hound (D:3)
  An orc priest (D:5)
  An iguana (D:5)
  Natasha (twice) (D:2)
  3 orc wizards (D:5)
  7 adders
  A worm (D:2)
  2 dart slugs
  9 orcs
  7 endoplasms
  2 giant cockroaches
  4 goblins
  11 hobgoblins
  3 jackals (D:2)
  5 quokkas
  7 ball pythons
  7 bats
  5 frilled lizards
  10 kobolds
  11 rats
104 creatures vanquished.

Vanquished Creatures (collateral kills)
  An orc wizard (D:5)
  2 orcs (D:5)
  A bat (D:2)
  An endoplasm (D:1)
  4 goblins
  A hobgoblin (D:4)
  2 rats
12 creatures vanquished.

Vanquished Creatures (others)
  2 ball python zombies (D:4)
  2 orc zombies (D:5)
  A quokka zombie (D:5)
  5 rat zombies (D:4)
  10 fungi (D:3)
  5 plants (D:3)
25 creatures vanquished.

Grand Total: 141 creatures vanquished

Table legend:
 A = Non-vault XP
 B = Vault XP
 C = Vault XP percentage of total XP
 D = Non-vault monster count
 E = Vault monster count
 F = Vault count percentage of total count
                 A         B        C        D         E       F
            +---------+---------+-------+---------+---------+-------
      Total |     894 |     859 |  49.0 |      95 |      21 |  18.1
            +---------+---------+-------+---------+---------+-------
        D:1 |      34 |       5 |  12.8 |      22 |       2 |   8.3
        D:2 |      97 |      56 |  36.6 |      22 |       6 |  21.4
        D:3 |      82 |       0 |   0.0 |      18 |       0 |   0.0
        D:4 |     288 |     684 |  70.4 |      16 |      10 |  38.5
        D:5 |     393 |     114 |  22.5 |      17 |       3 |  15.0
            +---------+---------+-------+---------+---------+-------

Illustrated notes

Table legend:
 A = Kills in this place as a percentage of kills in entire the game.
 B = Kills by you in this place as a percentage of kills by you in the entire game.
 C = Kills by friends in this place as a percentage of kills by friends in the entire game.
 D = Other kills in this place as a percentage of other kills in the entire game.
 E = Experience gained in this place as a percentage of experience gained in the entire game.
 F = Experience gained in this place divided by the number of levels of this place that you have seen.
                   A       B       C       D       E      F
               +-------+-------+-------+-------+-------+----------------------
         Total | 100.0 | 100.0 | 100.0 |   N/A | 100.0 | 292.2
       Dungeon | 100.0 | 100.0 | 100.0 |   N/A | 100.0 | 350.6
               +-------+-------+-------+-------+-------+----------------------

Table legend: (Time is in decaauts)
 A = Elapsed time spent in this place.
 B = Non-inter-level travel time spent in this place.
 C = Inter-level travel time spent in this place.
 D = Time resting spent in this place.
 E = Time spent auto-exploring this place.
 F = Levels seen in this place.
 G = Mean time per level.
                   A        B        C        D        E       F      G
               +--------+--------+--------+--------+--------+-----+--------+
         Total |   5393 |   5184 |    209 |    648 |   3652 |   6 |  898.8 |
       Dungeon |   5175 |   4981 |    194 |    648 |   3461 |   5 | 1035.0 |
        Temple |    217 |    202 |     15 |      0 |    191 |   1 |  217.0 |
               +--------+--------+--------+--------+--------+-----+--------+

Top non-repeatable levels by time:
     D:2: 1377 daAuts
     D:4: 1314 daAuts
     D:1: 943 daAuts
     D:3: 886 daAuts
     D:5: 653 daAuts
  Temple: 217 daAuts
